 Seeded DCSS version 0.28.0 (webtiles) character file.

Game seed: 17220618976445608596 (custom seed)

303 arthad the Grasshopper (level 6, -5/51 HPs)
             Began as a Gnoll Warper on Feb 13, 2022.
             Slain by Pikel (14 damage)
             ... on level 4 of the Dungeon.
             The game lasted 00:06:21 (2823 turns).

arthad the Grasshopper (Gnoll Warper)               Turns: 2823, Time: 00:06:22

Health: -5/51      AC:  4    Str: 12    XL:     6   Next: 38%
Magic:  14/14      EV: 13    Int: 13    God:
Gold:   873        SH:  0    Dex: 11    Spells: 4/15 levels left

rFire   . . .      SeeInvis .   e - +1 war axe (vamp)
rCold   . . .      Faith    .   (no shield)
rNeg    + . .      Spirit   .   k - +2 robe {rN+}
rPois   .          Reflect  .   (no helmet)
rElec   .          Harm     .   (no cloak)
rCorr   .          Rampage  .   (no gloves)
Will    .....                   (no boots)
Stlth   ++........              (no amulet)
HPRegen 0.17/turn               (no ring)
MPRegen 0.14/turn               (no ring)

@: no status effects
A: fangs 1, strong nose, distributed training
a: no special abilities


You were on level 4 of the Dungeon.
You visited 1 branch of the dungeon, and saw 4 of its levels.

You collected 873 gold pieces.

Inventory:

Hand Weapons
 a - a +0 hand axe
 e - a +1 vampiric war axe (weapon)
 h - a +2 flail of protection
Missiles
 d - 5 boomerangs of dispersal
 o - 8 poisoned darts (quivered)
 q - 5 silver boomerangs
Armour
 b - a +1 leather armour
 k - a +2 robe of positive energy (worn)
Scrolls
 c - 2 scrolls of blinking
Potions
 g - a potion of degeneration
 i - a potion of flight {unknown}
 j - a potion of ambrosia
 m - 2 potions of cancellation {unknown}
 r - a potion of mutation {unknown}
 s - a potion of attraction {unknown}


   Skills:
 + Level 5.0 Fighting
 + Level 1.9 Short Blades
 + Level 1.9 Long Blades
 + Level 5.0 Axes
 + Level 1.9 Maces & Flails
 + Level 1.9 Polearms
 + Level 1.9 Staves
 + Level 1.9 Slings
 + Level 1.9 Bows
 + Level 1.9 Crossbows
 + Level 3.2 Throwing
 + Level 3.2 Armour
 + Level 5.0 Dodging
 + Level 1.9 Stealth
 + Level 1.9 Shields
 + Level 1.9 Unarmed Combat
 + Level 5.3 Spellcasting
 + Level 1.5 Conjurations
 + Level 1.5 Hexes
 + Level 1.5 Summonings
 + Level 1.5 Necromancy
 + Level 5.6 Translocations
 + Level 1.5 Transmutations
 + Level 1.5 Fire Magic
 + Level 1.5 Ice Magic
 + Level 1.5 Air Magic
 + Level 1.5 Earth Magic
 + Level 1.5 Poison Magic
 + Level 2.1 Invocations
 + Level 1.9 Evocations


You had 4 spell levels left.
You knew the following spells:

 Your Spells              Type           Power      Damage    Failure   Level
a - Blink                 Tloc           36%        N/A       2%          2
b - Gell's Gravitas       Tloc           18%        N/A       5%          3
c - Lesser Beckoning      Tloc           18%        N/A       5%          3
d - Teleport Other        Tloc           18%        N/A       5%          3

Your spell library contained the following spells:

 Spells                   Type           Power      Damage    Failure   Level
 Manifold Assault         Tloc           18%        N/A       43%         5


Dungeon Overview and Level Annotations

Branches:
Dungeon (4/15)
 Temple: D:4-7

Altars:
Sif Muna

Shops:
D:2 (

Annotations:
D:4 Pikel


Innate Abilities, Weirdness & Mutations

You have very sharp teeth.
Your uncanny sense of smell can sniff out nearby items.
Your experience applies equally to all skills.


Message History

Okay, then.
You aren't carrying any items that you can evoke.
Throw: 9 darts (poison)
Press: ? - help, Q - select action, (/) - cycle Shift-Dir - straight line, f - Pikel
Aim: Pikel, wielding a +2 whip of electrocution and wearing a +0 robe (heavily wounded, 51% to hit)
You throw a poisoned dart. The poisoned dart hits Pikel.
Pikel is poisoned.
Pikel is heavily wounded.
Pikel hits you with a +2 whip of electrocution!
Unknown command.
You hit Pikel.
Pikel is severely wounded.
Pikel hits you with a +2 whip of electrocution!
* * * LOW HITPOINT WARNING * * *
You hit Pikel.
You feel better.
Pikel is severely wounded.
Pikel closely misses you.
Pikel hits you with a +2 whip of electrocution.
* * * LOW HITPOINT WARNING * * *
Unknown command.
You feel much better.
Pikel hits you with a +2 whip of electrocution.
You barely miss Pikel.
Pikel is severely wounded.
Pikel hits you with a +2 whip of electrocution.
You barely miss Pikel. You bite Pikel.
Pikel is severely wounded.
Pikel looks more healthy.
Pikel closely misses you.
You closely miss Pikel.
Pikel is severely wounded.
Pikel hits you with a +2 whip of electrocution.
* * * LOW HITPOINT WARNING * * *
You hit Pikel.
Pikel is severely wounded.
Pikel barely misses you. x2
You closely miss Pikel.
Pikel is severely wounded.
Pikel hits you with a +2 whip of electrocution.
* * * LOW HITPOINT WARNING * * *
You are electrocuted!
You die...

.........# ....... #....#
.......... #....# ..........
#....# .......... #....#
......!... #5...###########
.......nK..#######5r....#........
........>.......@K55.............
...........########.....#........
..<...5... #.....#........
.......... #.....#........
.......... #.....#........
......#... #.....#........
#.S...# .. #######.)......
......# . #....#### ......#
##########....# #.


You could see Pikel, 3 lemures and a quokka.

Vanquished Creatures
  A phantom (D:4)
  An orc priest (D:3)
  Jessica (D:2)
  An iguana (D:4)
  A hound skeleton (D:4)
  4 gnolls (D:4)
  2 adders
  A worm (D:2)
  3 dart slugs
  2 orcs (D:3)
  6 endoplasms
  A giant cockroach (D:1)
  3 goblins
  7 hobgoblins
  8 jackals
  A quokka (D:1)
  7 ball pythons
  3 bats
  12 frilled lizards
  4 kobolds
  5 rats
74 creatures vanquished.

Vanquished Creatures (others)
  7 plants (D:2)
7 creatures vanquished.

Grand Total: 81 creatures vanquished

Notes
Turn   | Place    | Note
-------+----------+-------------------------------------------
     0 | D:1      | arthad the Gnoll Warper began the quest for the Orb.
     0 | D:1      | Reached XP level 1. HP: 20/20 MP: 6/6
   175 | D:1      | Reached XP level 2. HP: 26/26 MP: 7/7
   462 | D:1      | Reached XP level 3. HP: 29/31 MP: 9/9
   565 | D:1      | Reached skill level 5 in Spellcasting
   699 | D:2      | Found a shimmering blue altar of Sif Muna.
   706 | D:2      | Noticed Jessica
   718 | D:2      | Killed Jessica
   719 | D:2      | Reached skill level 1 in Short Blades
   719 | D:2      | Reached skill level 1 in Long Blades
   719 | D:2      | Reached skill level 1 in Maces & Flails
   719 | D:2      | Reached skill level 1 in Polearms
   719 | D:2      | Reached skill level 1 in Staves
   719 | D:2      | Reached skill level 1 in Slings
   719 | D:2      | Reached skill level 1 in Bows
   719 | D:2      | Reached skill level 1 in Crossbows
   719 | D:2      | Reached skill level 1 in Stealth
   719 | D:2      | Reached skill level 1 in Shields
   719 | D:2      | Reached skill level 1 in Unarmed Combat
   719 | D:2      | Reached skill level 1 in Invocations
   719 | D:2      | Reached skill level 1 in Evocations
   719 | D:2      | Reached XP level 4. HP: 35/38 MP: 11/11
   798 | D:2      | Found Xuyzul's Weapon Shoppe.
   831 | D:2      | Found a faded altar of an unknown god.
  1178 | D:2      | Reached skill level 1 in Conjurations
  1178 | D:2      | Reached skill level 1 in Hexes
  1178 | D:2      | Reached skill level 1 in Summonings
  1178 | D:2      | Reached skill level 1 in Necromancy
  1178 | D:2      | Reached skill level 1 in Transmutations
  1178 | D:2      | Reached skill level 1 in Fire Magic
  1178 | D:2      | Reached skill level 1 in Ice Magic
  1178 | D:2      | Reached skill level 1 in Air Magic
  1178 | D:2      | Reached skill level 1 in Earth Magic
  1178 | D:2      | Reached skill level 1 in Poison Magic
  1205 | D:2      | Learned a level 2 spell: Blink
  1209 | D:2      | Learned a level 3 spell: Gell's Gravitas
  1213 | D:2      | Learned a level 3 spell: Lesser Beckoning
  1217 | D:2      | Learned a level 3 spell: Teleport Other
  1249 | D:3      | Identified a scroll of acquirement
  1249 | D:3      | Acquired 743 gold pieces
  1545 | D:3      | Reached XP level 5. HP: 17/43 MP: 12/12
  2153 | D:4      | Noticed Pikel
  2153 | D:4      | Noticed a lemure
  2153 | D:4      | Noticed a necrophage
  2154 | D:4      | Noticed a lemure
  2437 | D:4      | Noticed a phantom
  2455 | D:4      | Killed a phantom
  2456 | D:4      | Reached XP level 6. HP: 44/50 MP: 13/13
  2507 | D:4      | Reached skill level 5 in Fighting
  2507 | D:4      | Reached skill level 5 in Axes
  2507 | D:4      | Reached skill level 5 in Dodging
  2823 | D:4      | Slain by Pikel

Illustrated notes

Levels and vault maps discovered:
D:1:      dpeg_arrival_rooms_b, layout_basic
D:2:      layout_rooms, hellmonk_ecumenical_altar_arch_garden, serial_shops,
          shop, basic_altar, mrwooster_statue_mirror,
          amcnicky_mini_corridor_feature, minmay_lizard_king, uniq_jessica
D:3:      layout_loops_ring, kennysheep_small_spiral, hex_large
D:4:      layout_basic, uniq_pikel

Skill      XL: |  1  2  3  4  5  6 |
---------------+-------------------+-----
Spellcasting   | 5 |  5.3
Short Blades   | 1 |  1.9
Long Blades    | 1 |  1.9
Maces & Flails | 1 |  1.9
Polearms       | 1 |  1.9
Staves         | 1 |  1.9
Slings         | 1 |  1.9
Bows           | 1 |  1.9
Crossbows      | 1 |  1.9
Stealth        | 1 |  1.9
Shields        | 1 |  1.9
Unarmed Combat | 1 |  1.9
Invocations    | 1 2 |  2.1
Evocations     | 1 |  1.9
Conjurations   | 1 |  1.5
Hexes          | 1 |  1.5
Summonings     | 1 |  1.5
Necromancy     | 1 |  1.5
Transmutations | 1 |  1.5
Fire Magic     | 1 |  1.5
Ice Magic      | 1 |  1.5
Air Magic      | 1 |  1.5
Earth Magic    | 1 |  1.5
Poison Magic   | 1 |  1.5
Throwing       | 3 |  3.2
Armour         | 3 |  3.2
Fighting       | 5 |  5.0
Axes           | 5 |  5.0
Dodging        | 5 |  5.0
Translocations | |  5.6

Action                   |  1- 3 |  4- 6 || total
-------------------------+-------+-------++-------
Melee: War axe           |    42 |   133 ||   175
       Bite              |     3 |    13 ||    16
       Punch             |       |     2 ||     2
Throw: Dart              |       |     1 ||     1
 Cast: Blink             |       |     1 ||     1
  Use: Scroll            |       |     7 ||     7
       Potion            |       |     3 ||     3
 Stab: Sleeping          |     1 |     2 ||     3
Armor: Leather armour    |     6 |     1 ||     7
       Robe              |       |    34 ||    34
       Skin              |       |     3 ||     3
Dodge: Dodged            |    29 |   110 ||   139
